Map: 2000 Atmospheres LE

Players

Epic

  • Race: Terran Terran
  • League: Grandmaster

TriGGeR - Winner!

  • Race: Protoss Protoss
  • League: Grandmaster

Event: DreamHack SC2 Masters 2021 Summer

VOD

Have the link to the VOD?

Description

Time

  • Played on: May 27, 2021, 6:43 p.m.
  • Length: 19:57

All games in this series

Show
View Real Time Build Order
Export as new Build Order

Epic Terran 

Build Orders: Reaper Expand 

Get SALT Encoding   

  12  0:00  SCV  
  13  0:12  SCV  
  14  0:17  Supply Depot  
  14  0:24  SCV  
  15  0:38  SCV  
  15  0:39  Barracks  
  16  0:43  Refinery  
  16  0:50  SCV  
  17  1:02  SCV  
  18  1:15  SCV  
  19  1:27  Reaper, Orbital Command  
  20  1:50  Command Center  
  20  1:53  SCV  
  21  1:56  Supply Depot  
  21  1:58  Marine  
  22  2:07  Factory  
  22  2:09  SCV  
  23  2:15  Refinery  
  23  2:21  Barracks Reactor, SCV  
  24  2:30  Bunker  
  24  2:33  SCV  
  25  2:45  SCV  
  25  2:52  Hellion  
  25  2:55  Armory  
  25  2:57  SCV  
  25  2:58  Marine x2  
  29  3:09  SCV  
  30  3:14  Orbital Command  
  30  3:18  Factory Tech Lab  
  27  3:22  SCV, Marine  
  27  3:24  Marine  
  28  3:34  SCV  
  28  3:37  Starport  
  28  3:40  Widow Mine  
  31  3:43  SCV  
  31  3:46  SCV  
  33  3:49  Drilling Claws  
  33  3:51  Marine  
  33  3:53  Marine  
  35  3:56  SCV  
  35  3:58  SCV  
  35  4:01  Widow Mine  
  39  4:07  Supply Depot  
  39  4:08  SCV  
  40  4:10  SCV  
  40  4:14  Medivac  
  40  4:16  Marine  
  44  4:17  Marine  
  44  4:20  SCV  
  46  4:29  Widow Mine, SCV, Supply Depot  
  49  4:33  SCV  
  48  4:41  SCV  
  48  4:44  Command Center  
  48  4:45  SCV  
  50  4:47  Medivac  
  50  4:52  Widow Mine  
  54  4:53  Marine x2  
  54  4:55  SCV  
  54  4:57  SCV  
  58  5:00  Supply Depot  
  58  5:08  SCV  
  58  5:10  SCV  
  58  5:11  Barracks  
  60  5:15  Barracks  
  60  5:16  Widow Mine  
  62  5:22  SCV x2, Marine x2  
  62  5:24  Supply Depot  
  66  5:29  Engineering Bay  
  66  5:30  Refinery  
  66  5:34  SCV  
  67  5:40  Siege Tank  
  70  5:47  SCV  
  70  5:48  SCV  
  70  5:49  Marine  
  70  5:50  Starport Tech Lab, Marine  
  70  5:54  Engineering Bay  
  70  5:55  Refinery  
  70  5:56  Terran Infantry Weapons Level 1  
  70  5:58  Orbital Command  
  70  6:04  SCV x2  
  70  6:09  Marine x2  
  68  6:16  Starport Reactor, Marauder, Stimpack  
  70  6:18  SCV x2  
  70  6:20  Terran Infantry Armor Level 1, Factory Reactor  
  70  6:22  Marauder, Supply Depot  
  70  6:24  SCV  
  70  6:25  Combat Shield  
  75  6:34  Barracks  
  75  6:37  SCV x2  
  75  6:38  Marauder  
  75  6:39  Barracks, Marine  
  80  6:40  Marine  
  80  6:44  SCV, Marauder  
  84  6:51  Supply Depot  
  84  6:52  SCV x2  
  84  6:53  Medivac x2  
  90  6:57  Marine  
  90  6:58  Widow Mine, Marine  
  90  6:59  Widow Mine  
  96  7:01  Orbital Command  
  96  7:04  SCV x2  
  98  7:09  Supply Depot  
  98  7:13  Missile Turret  
  98  7:15  Marauder x2  
  102  7:18  Marine x2  
  102  7:19  SCV x2  
  102  7:20  Widow Mine  
  108  7:23  Barracks Reactor  
  108  7:26  Supply Depot  
  108  7:28  SCV  
  109  7:31  Widow Mine, SCV x2  
  109  7:32  Medivac  
  115  7:37  Medivac  
  115  7:39  Barracks Tech Lab  
  117  7:44  Supply Depot  
  117  7:48  SCV, Marauder, Missile Turret, Supply Depot  
  117  7:49  Marauder  
  117  7:51  SCV x2  
  124  7:53  Marine  
  124  7:57  Refinery  
  125  7:58  Terran Infantry Weapons Level 2  
  125  8:01  Missile Turret  
  125  8:05  Marine, Missile Turret  
  125  8:06  Missile Turret  
  125  8:08  Marine x3  
  125  8:09  Bunker  
  125  8:12  Missile Turret  
  129  8:13  Viking  
  129  8:19  Viking  
  133  8:21  Widow Mine x2  
  138  8:27  Marauder x3, Marine x3  
  138  8:29  Marine  
  138  8:32  Terran Infantry Armor Level 2  
  140  8:37  SCV  
  140  8:41  Refinery  
  141  8:45  Ghost Academy  
  141  8:49  Starport  
  141  8:50  Supply Depot  
  141  9:01  Supply Depot  
  141  9:02  Supply Depot  
  141  9:11  SCV x2, Marine x4, Viking  
  148  9:17  Enhanced Shockwaves  
  148  9:22  Ghost  
  148  9:23  Widow Mine, Marauder, Viking  
  160  9:24  Widow Mine, Marauder  
  160  9:26  Starport Reactor  
  160  9:37  Marine  
  160  9:38  Marine x2  
  163  9:39  Missile Turret  
  163  9:43  Missile Turret  
  163  9:46  Missile Turret  
  163  9:47  Missile Turret  
  163  9:50  Barracks  
  163  9:51  Barracks, Command Center  
  163  9:52  Barracks, Viking  
  165  10:04  Ghost  
  165  10:06  Viking  
  165  10:08  Marine x2  
  165  10:11  Ghost  
  165  10:16  Missile Turret x2  
  165  10:23  Terran Infantry Weapons Level 3  
  165  10:31  Marine  
  165  10:32  Ghost, Marine x2  
  162  10:39  Reaper  
  160  10:45  Barracks Tech Lab x2  
  160  10:46  Marine  
  160  10:47  Marauder x2  
  165  10:50  Marine  
  165  10:51  Marine x2  
  165  10:53  Viking  
  165  10:54  Viking x3  
  160  10:58  Terran Infantry Armor Level 3  
  160  11:01  Marauder  
  155  11:04  Marine  
  155  11:08  Marauder, Marine  
  155  11:09  Marine x2  
  152  11:12  Marauder x3, Marine  
  152  11:13  Widow Mine  
  152  11:14  Widow Mine  
  162  11:19  Terran Ship Weapons Level 1  
  162  11:23  Marauder  
  162  11:24  Concussive Shells  
  164  11:26  Marine  
  164  11:27  Marine  
  164  11:28  Medivac x2  
  164  11:30  Barracks Reactor  
  170  11:35  Refinery  
  170  11:36  Refinery  
  170  11:37  Planetary Fortress  
  170  11:38  SCV x2  
  170  11:39  SCV  
  173  11:45  Missile Turret  
  173  11:46  Missile Turret  
  165  11:55  Marauder x5, Marine x2  
  165  11:56  Marine  
  176  12:04  SCV x3  
  162  12:16  Marauder  
  162  12:20  Marauder x4  
  144  12:26  SCV  
  144  12:27  SCV x3  
  144  12:29  Marine x2, Missile Turret  
  138  12:30  Marine x2  
  138  12:36  Medivac  
  143  12:38  Marauder  
  143  12:42  Marauder x2  
  144  12:45  Ghost x2  
  144  12:47  Medivac  
  150  12:51  Widow Mine x2  
  150  12:57  Marine x6  
  156  12:59  Marine  
  157  13:05  SCV  
  157  13:07  Command Center  
  158  13:15  Marine x4  
  158  13:16  Marine x6  
  158  13:18  Widow Mine x2  
  152  13:37  Marauder x3, Marine  
  152  13:40  Marine  
  152  13:41  Marine x6  
  134  13:42  Medivac x3  
  134  13:43  Medivac  
  134  13:46  Widow Mine x2  
  146  13:53  SCV x4  
  150  14:01  Fusion Core  
  150  14:02  Marauder x2  
  154  14:06  Marauder  
  154  14:08  Marauder  
  158  14:10  Marine x3  
  158  14:12  Marine  
  158  14:13  Marine  
  159  14:34  Marauder x4, Marine x6  
  159  14:35  Marauder  
  171  14:39  Widow Mine x2  
  173  14:51  Advanced Ballistics  
  173  14:59  Marine  
  147  15:00  Marauder x3  
  147  15:02  Marauder, Marine  
  147  15:03  Marauder  
  147  15:05  Marine x2  
  134  15:16  Widow Mine x2  
  134  15:20  Marine  
  134  15:21  Marauder x2, Marine  
  140  15:29  Liberator  
  140  15:34  Marauder x2, Marine  
  131  15:51  Marauder x3, Marine x5  
  131  15:56  Marauder  
  144  15:57  Ghost  
  144  16:06  Marine  
  144  16:09  Marine  
  142  16:12  Ghost x2  
  146  16:24  Widow Mine x2  
  146  16:35  Marine x2  
  146  16:36  Marauder x3  
  154  16:41  Marauder x2  
  154  16:45  Liberator  
  154  16:46  Liberator x2  
  163  16:53  Liberator  
  166  16:57  Marauder, Marine  
  148  17:12  Marauder, Marine x4  
  148  17:13  Marauder x2  
  140  17:26  Widow Mine  
  140  17:27  Widow Mine  
  140  17:32  Liberator x2  
  146  17:48  Liberator x2  
  152  17:58  Marauder x3  
  151  18:13  Marine x8  
  151  18:14  Liberator  
  157  18:31  Orbital Command  
  156  18:39  Marauder x5  
  143  18:46  Marine  
  108  18:55  Marine x5  
  108  19:00  Widow Mine, Marauder  
  112  19:03  Widow Mine  
  112  19:07  Medivac  
  116  19:16  Marauder, Marine x4  
  122  19:23  Marine x3  
  124  19:28  Widow Mine  
  115  19:34  Marine x3  
Show
View Real Time Build Order
Export as new Build Order

TriGGeR Protoss - Winner!

Build Orders: 1 Gate Expand, Blink Stalkers 

Get SALT Encoding   

  12  0:00  Probe  
  13  0:12  Probe  
  14  0:17  Pylon  
  14  0:24  Probe (Chrono Boost)  
  16  0:35  Gateway  
  16  0:36  Probe (Chrono Boost)  
  16  0:42  Probe (Chrono Boost)  
  16  0:45  Assimilator  
  17  0:51  Probe  
  18  1:03  Probe  
  19  1:15  Probe  
  20  1:23  Cybernetics Core  
  20  1:32  Nexus  
  20  1:35  Probe  
  21  1:43  Pylon  
  21  1:47  Probe  
  21  1:52  Assimilator  
  21  1:56  Adept (Chrono Boost)  
  24  2:01  Probe  
  24  2:03  Warp Gate  
  24  2:13  Probe  
  25  2:16  Stalker (Chrono Boost)  
  27  2:25  Probe  
  28  2:33  Twilight Council  
  28  2:39  Probe (Chrono Boost)  
  29  2:45  Probe (Chrono Boost), Stalker  
  33  2:55  Probe x2 (Chrono Boost)  
  34  3:00  Probe (Chrono Boost)  
  34  3:01  Probe  
  36  3:08  Blink (Chrono Boost)  
  36  3:11  Probe  
  37  3:14  Probe  
  38  3:24  Probe  
  38  3:26  Probe  
  38  3:33  Robotics Facility  
  38  3:36  Probe  
  38  3:38  Probe  
  38  3:39  Gateway  
  40  3:45  Assimilator  
  40  3:48  Probe, Pylon  
  41  3:50  Probe  
  41  3:51  Stalker  
  44  4:00  Probe  
  44  4:02  Probe  
  46  4:11  Nexus  
  46  4:12  Probe  
  46  4:13  Pylon  
  46  4:14  Stalker  
  46  4:16  Probe  
  50  4:21  Observer  
  51  4:24  Probe  
  51  4:26  Pylon  
  51  4:31  Probe  
  53  4:35  Robotics Bay  
  53  4:36  Pylon  
  53  4:38  Forge  
  53  4:40  Probe  
  53  4:42  Assimilator  
  53  4:44  Shield Battery  
  54  4:46  Observer (Chrono Boost)  
  54  4:47  Probe  
  56  4:56  Gateway  
  56  4:57  Observer  
  56  4:58  Probe, Gateway  
  56  4:59  Probe  
  58  5:01  Observer  
  58  5:08  Immortal (Chrono Boost)  
  58  5:11  Probe  
  63  5:20  Probe  
  64  5:24  Stalker x2  
  64  5:26  Probe  
  69  5:32  Probe  
  69  5:35  Probe  
  71  5:38  Probe  
  72  5:45  Observer (Chrono Boost)  
  72  5:46  Probe  
  72  5:48  Stalker x2  
  68  5:53  Probe  
  68  5:55  Probe  
  70  5:58  Probe  
  70  6:00  Colossus (Chrono Boost)  
  71  6:05  Probe  
  71  6:07  Protoss Ground Weapons Level 1 (Chrono Boost)  
  71  6:10  Photon Cannon  
  71  6:11  Extended Thermal Lance  
  78  6:12  Probe x2  
  78  6:17  Probe  
  78  6:18  Pylon  
  81  6:24  Probe  
  82  6:26  Probe  
  82  6:30  Pylon  
  82  6:31  Probe  
  84  6:36  Probe  
  84  6:37  Colossus (Chrono Boost)  
  85  6:40  Photon Cannon x2  
  85  6:41  Probe  
  85  6:43  Probe  
  93  6:48  Probe  
  93  6:51  Charge  
  93  6:54  Observer  
  94  6:55  Gateway  
  94  6:56  Sentry  
  94  6:58  Gateway  
  94  7:00  Sentry  
  98  7:03  Gateway  
  98  7:05  Gateway  
  98  7:08  Zealot x2  
  102  7:20  Probe x2, Warp Prism (Chrono Boost)  
  102  7:21  Probe  
  102  7:22  Assimilator  
  107  7:26  Assimilator  
  107  7:32  Probe  
  107  7:34  Probe  
  107  7:35  Templar Archives  
  109  7:38  Pylon  
  109  7:39  Pylon  
  109  7:41  Pylon  
  109  7:42  Pylon  
  109  7:52  Pylon  
  109  7:56  Probe  
  110  8:04  Probe x2  
  112  8:06  Pylon, Nexus  
  112  8:08  Zealot  
  112  8:09  Zealot x2  
  112  8:11  Zealot  
  112  8:12  High Templar x4  
  126  8:16  Archon  
  126  8:17  Pylon  
  126  8:18  Archon  
  126  8:19  Probe (Chrono Boost)  
  127  8:20  Probe x2 (Chrono Boost)  
  127  8:27  Protoss Ground Weapons Level 2 (Chrono Boost)  
  118  8:29  Probe (Chrono Boost)  
  118  8:30  Probe x2 (Chrono Boost)  
  118  8:34  Probe (Chrono Boost)  
  121  8:35  Probe (Chrono Boost)  
  121  8:37  Robotics Facility  
  123  8:41  Probe  
  123  8:42  Disruptor (Chrono Boost)  
  123  8:45  Probe  
  123  8:47  Pylon  
  128  8:51  Probe  
  128  8:52  Shield Battery  
  129  8:56  Probe  
  129  8:59  Forge  
  130  9:04  Gateway  
  130  9:06  Gateway  
  130  9:11  Disruptor  
  130  9:13  High Templar x3  
  130  9:15  Probe  
  130  9:16  Probe x2  
  142  9:24  Archon, High Templar  
  142  9:25  Disruptor (Chrono Boost)  
  142  9:27  Probe x2  
  149  9:38  Observer, Archon, Stalker  
  149  9:39  Stalker x3  
  149  9:41  Probe  
  149  9:42  Probe x3  
  149  9:45  Photon Cannon  
  161  9:48  Protoss Ground Armor Level 1 (Chrono Boost)  
  161  9:52  Zealot x3  
  170  9:54  Disruptor (Chrono Boost)  
  170  9:58  Assimilator  
  161  10:08  Probe (Chrono Boost)  
  161  10:09  Pylon  
  165  10:14  Probe x2 (Chrono Boost)  
  165  10:15  Probe (Chrono Boost)  
  165  10:16  Disruptor  
  165  10:18  Probe (Chrono Boost)  
  165  10:20  Nexus  
  171  10:22  Probe x2 (Chrono Boost), Disruptor  
  171  10:23  Probe (Chrono Boost)  
  158  10:42  Zealot x7  
  156  10:43  Zealot x2  
  167  10:51  Disruptor  
  164  10:58  Disruptor  
  164  11:02  Zealot x3  
  164  11:03  Zealot x6  
  153  11:13  Protoss Ground Weapons Level 3 (Chrono Boost)  
  153  11:15  Zealot  
  155  11:19  Probe x2  
  155  11:24  Stalker  
  155  11:25  Stalker  
  161  11:26  Stalker  
  161  11:27  Gateway, Disruptor  
  161  11:30  Gateway  
  166  11:35  Observer  
  166  11:36  Zealot x5  
  175  11:40  High Templar x2  
  175  11:45  Archon  
  169  11:55  Disruptor  
  169  11:57  Stalker x6  
  184  12:10  Protoss Ground Armor Level 2 (Chrono Boost)  
  184  12:11  Dark Shrine  
  134  12:29  Zealot x8  
  146  12:30  Zealot x2  
  146  12:31  Zealot x2  
  146  12:34  Probe x2  
  146  12:35  Probe x2  
  158  12:39  Assimilator  
  156  12:49  Warp Prism  
  156  12:50  Observer  
  159  12:57  Stalker x7  
  173  13:05  Photon Cannon  
  167  13:18  Disruptor  
  168  13:20  Stalker x7  
  159  13:46  Dark Templar x8  
  175  13:48  Probe  
  175  13:49  Probe  
  175  13:53  Protoss Shields Level 1 (Chrono Boost)  
  177  14:00  Nexus, Assimilator  
  177  14:03  Shadow Stride (Chrono Boost)  
  175  14:13  Zealot x4  
  175  14:15  Shield Battery  
  183  14:24  Stalker x3  
  187  14:26  Observer  
  187  14:30  Photon Cannon  
  187  14:39  Protoss Ground Armor Level 3 (Chrono Boost)  
  187  14:42  Stalker x6  
  198  14:52  Gateway  
  198  14:54  Gateway x2  
  172  15:21  Pylon  
  168  15:23  Zealot x12  
  168  15:24  Disruptor x2  
  191  15:46  Stalker x4  
  199  15:55  Photon Cannon  
  193  16:10  Protoss Shields Level 2 (Chrono Boost)  
  193  16:11  Observer, Photon Cannon  
  194  16:19  Assimilator  
  194  16:21  Dark Templar x5  
  194  16:22  Dark Templar  
  194  16:23  Gravitic Boosters (Chrono Boost)  
  194  16:25  Observer  
  196  16:39  Stalker x2  
  189  17:06  Stalker x7  
  144  17:33  Observer  
  144  17:35  Disruptor x2  
  150  17:38  Zealot x12  
  150  17:39  Stalker  
  150  17:40  Stalker x2  
  177  18:12  Stalker x10  
  197  18:14  Nexus  
  194  18:21  Stargate  
  128  18:59  Pylon  
  128  19:00  Disruptor x2  
  134  19:02  Zealot  
  134  19:03  Zealot x2  
  134  19:05  Stalker x7  
  134  19:06  High Templar  
  134  19:07  High Templar x2  
  134  19:08  High Templar  
  162  19:20  Archon  
  152  19:35  Archon  
  152  19:38  Stalker x5  
Tags
 
Add a new tag
Caveats
  • Supply blocks, unpowered buildings, or Contaminate may cause inaccurate times.
  • Supply counts are checked every 10 seconds.